 Dungeon Crawl Stone Soup version 0.30.1-4-g462c640d31 (webtiles) character file.

Game seed: 17128605586537544211

4180 kingsuperguy the Skirmisher (level 10, -12/73 (79) HPs)
             Began as a Gnoll Wanderer on Aug 28, 2023.
             Was a High Priest of Dithmenos.
             Killed by an exploding cerulean imp (72 damage)
             ... ignited by their inner flame
             ... on level 8 of the Dungeon on Aug 29, 2023.
             The game lasted 01:00:32 (12226 turns).

kingsuperguy the Skirmisher (Gnoll Wanderer)       Turns: 12226, Time: 01:00:33

HP:   -12/73 (79)   AC:  2    Str: 15    XL:     10   Next: 28%
MP:   9/19          EV: 14    Int: 15    God:    Dithmenos [*****.]
Gold: 464           SH:  0    Dex: 13    Spells: 12/21 levels left

rFire   x . .        n - +0 arbalest
rCold   . . .        (shield currently unavailable)
rNeg    + . .        c - +0 robe
rPois   .            (no helmet)
rElec   +            i - scarf {+Inv}
rCorr   .            (no gloves)
SInv    .            (no boots)
Will    +....        (no amulet)
Stlth   +++          e - ring of willpower
HPRegen 0.32/turn    K - ring "Cutuwol" {rElec rF- rN+ Dex+4 Stlth-}
MPRegen 0.16/turn

%: no passive effects
@: sluggish, spiked, wreathed by umbra, drained, very slow
A: fangs 1, strong nose, distributed training
a: Renounce Religion, Evoke Invisibility, Shadow Step, Shadow Form


You were on level 8 of the Dungeon.
You worshipped Dithmenos.
Dithmenos was extremely pleased with you.
You visited 2 branches of the dungeon, and saw 10 of its levels.
You also visited: Ossuary.

You collected 509 gold pieces.
You spent 45 gold pieces at shops.

Inventory:

Hand Weapons
 a - a +3 sling
 n - a +0 arbalest (weapon)
 p - a +0 glaive
 L - a +2 flail of holy wrath
 M - a +3 long sword
 P - a +5 great sword of freezing
Missiles
 d - 4 throwing nets
 O - a silver boomerang
Armour
 c - a +0 robe (worn)
 f - a +1 chain mail of cold resistance
 i - a scarf of invisibility (worn)
 l - a +0 ring mail
 N - a +0 plate armour
Jewellery
 b - a ring of flight
 e - a ring of willpower (left hand)
 m - a ring of willpower
 t - a ring of fire
 x - a ring of fire
 K - the ring "Cutuwol" (right hand) {rElec rF- rN+ Dex+4 Stlth-}
   (You found it on level 6 of the Dungeon)

   [ring of positive energy]

   Dex:       It affects your dexterity (+4).
   rF:        It makes you vulnerable to fire.
   rElec:     It insulates you from electricity.
   rN:        It protects you from negative energy.
   Stlth:     It makes you less stealthy.
Wands
 z - a wand of charming (17)
 Q - a wand of polymorph (4)
Scrolls
 g - 3 scrolls of noise
 h - a scroll of silence {unknown}
 j - 2 scrolls of amnesia
 q - 2 scrolls of fog {unknown}
 r - 3 scrolls of magic mapping
 u - a scroll of teleportation
 v - a scroll of immolation
 y - a scroll of fear
 A - 2 scrolls of acquirement {unknown}
 B - 2 scrolls of enchant weapon {unknown}
 F - a scroll of enchant armour {unknown}
 I - a scroll of brand weapon {unknown}
 J - 2 scrolls of butterflies {unknown}
Potions
 k - 2 potions of flight {unknown}
 s - a potion of brilliance {unknown}
 w - 2 potions of cancellation
 C - a potion of berserk rage {unknown}
 E - a potion of ambrosia {unknown}
 G - 2 potions of mutation {unknown}


   Skills:
 + Level 7.1 Fighting
 + Level 5.3 Short Blades
 + Level 5.3 Long Blades
 + Level 5.3 Axes
 + Level 5.3 Maces & Flails
 + Level 5.3 Polearms
 + Level 5.3 Staves
 + Level 10.1 Ranged Weapons
 + Level 6.0 Throwing
 + Level 5.3 Armour
 + Level 6.0 Dodging
 + Level 5.3 Stealth
 + Level 5.3 Shields
 + Level 5.3 Unarmed Combat
 + Level 6.1 Spellcasting
 + Level 4.4 Conjurations
 + Level 4.4 Hexes
 + Level 4.4 Summonings
 + Level 4.4 Necromancy
 + Level 4.4 Translocations
 + Level 4.9 Transmutations
 + Level 4.4 Fire Magic
 + Level 4.4 Ice Magic
 + Level 4.4 Air Magic
 + Level 4.4 Earth Magic
 + Level 4.4 Poison Magic
 + Level 5.8 Invocations
 + Level 5.3 Evocations


You had 12 spell levels left.
You knew the following spells:

 Your Spells              Type           Power      Damage    Failure   Level
a - Beastly Appendage     Tmut           38%        N/A       1%          1
b - Call Imp              Summ           34%        N/A       3%          2
c - Gell's Gravitas       Tloc           17%        N/A       7%          3
d - Swiftness             Air            17%        N/A       7%          3

Your spell library contained the following spells:

 Spells                   Type           Power      Damage    Failure   Level
 Magic Dart               Conj           68%        1d6       2%          1
 Shock                    Conj/Air       68%        1d7       2%          1
 Lesser Beckoning         Tloc           34%        N/A       3%          2
 Ignite Poison            Fire/Tmut/Pois 18%        N/A       7%          3
 Mephitic Cloud           Conj/Pois/Air  17%        N/A       7%          3
 Teleport Other           Tloc           17%        N/A       7%          3
 Airstrike                Air            8%         2d(2-18)  24%         4


Dungeon Overview and Level Annotations

Branches:
Dungeon (9/15)             Temple (0/1) D:6             Orc (1/2) D:9
Ossuary (visited)
   Lair: D:8-11

Altars:
Dithmenos
Nemelex Xobeh
Sif Muna
Yredelemnul

Shops:
D:2 [(?*   D:4 [

Annotations:
D:5 2 runed translucent doors, Rem's ghost, amateur OpTm
D:7 2 transporters, shmup's ghost, novice DrTm
D:9 1 runed translucent door, Babbit's ghost, novice MiFi
Orc:1 6 transporters


Innate Abilities, Weirdness & Mutations

You have very sharp teeth.
Your uncanny sense of smell can sniff out nearby items.
Your experience applies equally to all skills.


Message History

The barbs in your skin will harm you if you move.
Continue?
Okay, then.
Fire: n) +0 arbalest
Press: ? - help, Q - select action, (/) - cycle Shift-Dir - straight line, f - manticore
Aim: a manticore (ally target, umbra, 72% to hit)
You shoot a bolt. The bolt closely misses the manticore.
Your shadow shoots a bolt.
The bolt hits the manticore.
Your cerulean imp closely misses the manticore.
The barbs in your skin will harm you if you move.
Continue?
You swap places.
The barbed spikes dig painfully into your body as you move.
The manticore flicks its tail.
The volley of spikes hits your cerulean imp.
Your cerulean imp hits the manticore but does no damage.
Fire: n) +0 arbalest
Press: ? - help, Q - select action, (/) - cycle Shift-Dir - straight line, p - manticore
Okay, then.
Casting: Call Imp (safe; 3% risk of failure)
Confirm with . or Enter, or press ? or * to list all spells.
Okay, then.
Casting: Call Imp (safe; 3% risk of failure)
Confirm with . or Enter, or press ? or * to list all spells.
Okay, then.
As you read the scroll labelled JIJOOM QESCHEOR, it crumbles to dust.
The creatures around you are filled with an inner flame!
It was a scroll of immolation.
You feel sluggish.
The manticore completely misses your cerulean imp.
The manticore claws your cerulean imp! Flame seeps out of your cerulean imp.
The manticore claws your cerulean imp. Flame seeps out of your cerulean imp.
Your cerulean imp is engulfed in blazing flames.
Your cerulean imp disappears in a puff of smoke!
Your cerulean imp explodes!
The fiery explosion engulfs the manticore!!
Flame seeps out of the manticore.
The manticore is severely wounded.
The fiery explosion engulfs you!!!! The fire burns you terribly!
Ouch! That really hurt!
You die...

##.#.#.##.##..####
.................#
...........#..####
.#.#.#.....#..#
.#.#.#.##..#..# #####
...........#..###[).##
.#.#.#.##......#H# #.#
##.........#.###○#∆#.#
####.#####.#.# #@###.#
# #.# #.#.####...##
####.# #.#...###'##
#....#######.#.....#
#..........#.#######
#..........'.#
#...#......###
#...#......#
#...#......#


You could see a manticore (inner flame).

Vanquished Creatures
  A hornet (D:7)
  A water moccasin (D:7)
  4 orc warriors
  A black bear (D:4)
  2 sky beasts
  2 wolves (D:8)
  5 centaurs
  A phantom (D:6)
  4 bullfrogs
  3 scorpions
  5 wights (D:8)
  A howler monkey (D:6)
  3 jellies
  A hound (D:6)
  9 orc priests
  3 gnoll boudas
  Crazy Yiuf (D:6)
  An iguana (D:7)
  11 orc wizards
  Natasha (thrice) (D:4)
  A sleepcap (D:5)
  2 hound zombies (D:3)
  13 mummies (Ossuary)
  9 adders
  21 gnolls
  3 ufetubi (D:6)
  An adder zombie (D:3)
  2 worms
  A dart slug (D:1)
  40 orcs
  8 ball pythons
  11 bats
  7 endoplasms
  4 giant cockroaches
  6 goblins
  11 hobgoblins
  8 jackals
  4 kobolds
  5 quokkas
  A ball python zombie (D:3)
  4 frilled lizards
  2 gnoll skeletons (Ossuary)
  5 kobold skeletons (Ossuary)
  An orc skeleton (Ossuary)
  4 rats
  11 rat skeletons (Ossuary)
247 creatures vanquished.

Vanquished Creatures (collateral kills)
  Grum (D:8)
  A sky beast (D:7)
  An orc priest (D:7)
  2 gnolls
  3 orcs (D:7)
8 creatures vanquished.

Vanquished Creatures (others)
  A wolf (D:8)
  A gnoll bouda (Orc:1)
  An orc wizard (Orc:1)
  A gnoll (Orc:1)
4 creatures vanquished.

Grand Total: 259 creatures vanquished

Notes
Turn   | Place    | Note
-------+----------+-------------------------------------------
     0 | D:1      | kingsuperguy the Gnoll Wanderer began the quest for the
                  | Orb.
     0 | D:1      | kingsuperguy set off with the following items: a +3 sling,
                  | a potion of lignification, a +0 robe; and the following
                  | spell memorised: Beastly Appendage; and the following
                  | spells available to memorise: Ignite Poison.
     0 | D:1      | Reached XP level 1. HP: 20/20 MP: 4/4
    64 | D:1      | Reached XP level 2. HP: 26/26 MP: 5/5
   264 | D:1      | Reached XP level 3. HP: 31/31 MP: 7/7
   355 | D:1      | Found a faded altar of an unknown god.
   409 | D:1      | Reached skill level 1 in Invocations
   420 | D:1      | Prayed at the altar of an unknown god.
   420 | D:1      | Became a worshipper of Dithmenos the Shadowed
   420 | D:1      | Reached * piety under Dithmenos
   816 | D:2      | Reached skill level 1 in Short Blades
   816 | D:2      | Reached skill level 1 in Long Blades
   816 | D:2      | Reached skill level 1 in Axes
   816 | D:2      | Reached skill level 1 in Maces & Flails
   816 | D:2      | Reached skill level 1 in Polearms
   816 | D:2      | Reached skill level 1 in Staves
   816 | D:2      | Reached skill level 1 in Armour
   816 | D:2      | Reached skill level 1 in Stealth
   816 | D:2      | Reached skill level 1 in Shields
   816 | D:2      | Reached skill level 1 in Unarmed Combat
   816 | D:2      | Reached skill level 1 in Evocations
   903 | D:2      | Reached XP level 4. HP: 27/38 MP: 8/8
  1040 | D:2      | Found Pausik's Assorted Antiques.
  1070 | D:2      | Reached skill level 1 in Conjurations
  1070 | D:2      | Reached skill level 1 in Hexes
  1070 | D:2      | Reached skill level 1 in Summonings
  1070 | D:2      | Reached skill level 1 in Necromancy
  1070 | D:2      | Reached skill level 1 in Translocations
  1070 | D:2      | Reached skill level 1 in Fire Magic
  1070 | D:2      | Reached skill level 1 in Ice Magic
  1070 | D:2      | Reached skill level 1 in Air Magic
  1070 | D:2      | Reached skill level 1 in Earth Magic
  1070 | D:2      | Reached skill level 1 in Poison Magic
  1083 | D:2      | Found Xeefall's Weapon Shoppe.
  1089 | D:2      | Found a basalt altar of Yredelemnul.
  1091 | D:2      | Bought a +0 arbalest for 45 gold pieces
  1127 | D:2      | Found Wuleso Qieh's Armour Shop.
  1175 | D:2      | Reached XP level 5. HP: 43/43 MP: 9/9
  1281 | D:2      | Reached ** piety under Dithmenos
  1417 | D:2      | Found Bojyi's Magic Scroll Shop.
  1927 | D:3      | Reached XP level 6. HP: 50/50 MP: 11/11
  1931 | D:3      | Found a basalt altar of Yredelemnul.
  2285 | D:3      | Reached skill level 5 in Fighting
  2465 | D:4      | Reached *** piety under Dithmenos
  2685 | D:4      | Reached XP level 7. HP: 26/56 MP: 12/12
  2917 | D:4      | Noticed Natasha
  2920 | D:4      | Killed Natasha
  3234 | D:4      | Reached skill level 9 in Ranged Weapons
  3237 | D:4      | Noticed Natasha
  3248 | D:4      | Killed Natasha
  3253 | D:4      | Noticed Natasha
  3514 | D:4      | Killed Natasha
  3589 | D:4      | Found Luli Juent's Antique Armour Shoppe.
  3620 | D:5      | Entered Level 5 of the Dungeon
  3741 | D:5      | Found a large runed translucent door.
  3741 | D:5      | Found a large runed translucent door.
  3742 | D:5      | Found a sand-covered staircase.
  3747 | Ossuary  | Entered an ossuary
  3850 | Ossuary  | Reached **** piety under Dithmenos
  3930 | Ossuary  | Reached XP level 8. HP: 63/63 MP: 14/14
  4263 | D:5      | Noticed Rem's ghost (amateur OpTm)
  4365 | D:6      | Identified the ring "Cutuwol" {rElec rF- rN+ Dex+4 Stlth-}
  4807 | D:6      | Found a staircase to the Ecumenical Temple.
  4811 | D:6      | Learned a level 2 spell: Call Imp
  4923 | D:6      | Found a runed translucent door.
  4924 | D:6      | Noticed Crazy Yiuf
  4935 | D:6      | Killed Crazy Yiuf
  5180 | D:6      | Reached XP level 9. HP: 69/69 MP: 16/16
  5242 | D:6      | Reached skill level 5 in Spellcasting
  5849 | D:7      | Noticed a death drake
  5850 | D:7      | Found a transporter.
  5882 | D:7      | a death drake changed into a merfolk
  5882 | D:7      | Noticed a merfolk (shapeshifter)
  6142 | D:7      | a merfolk changed into a cyclops
  6142 | D:7      | Noticed a cyclops (shapeshifter)
  6169 | D:7      | a cyclops changed into a wolf spider
  6169 | D:7      | Noticed a wolf spider (shapeshifter)
  6197 | D:7      | Found a transporter.
  6200 | D:7      | Noticed shmup's ghost (novice DrTm)
  6205 | D:7      | a wolf spider changed into a satyr
  6205 | D:7      | Noticed a satyr (shapeshifter)
  6264 | D:7      | Found a shimmering blue altar of Sif Muna.
  6287 | D:7      | Reached skill level 5 in Throwing
  6287 | D:7      | Reached skill level 5 in Dodging
  6368 | D:7      | Reached ***** piety under Dithmenos
  6494 | D:7      | Noticed a water nymph
  6495 | D:7      | a water nymph changed into an elephant
  6495 | D:7      | Noticed an elephant (shapeshifter)
  6500 | D:7      | an elephant changed into a merfolk
  6500 | D:7      | Noticed a merfolk (shapeshifter)
  6569 | D:7      | a merfolk changed into a wolf spider
  6569 | D:7      | Noticed a wolf spider (shapeshifter)
  6689 | D:6      | Learned a level 4 spell: Airstrike
  6693 | D:6      | Learned a level 3 spell: Swiftness
  6708 | D:7      | a wolf spider changed into a swamp worm
  6737 | D:7      | a swamp worm changed into a shock serpent
  6737 | D:7      | Noticed a shock serpent (shapeshifter)
  6768 | D:7      | a shock serpent changed into a redback
  6779 | D:7      | a redback changed into a yaktaur
  6779 | D:7      | Noticed a yaktaur (shapeshifter)
  6854 | D:7      | a yak changed into a wind drake
  6854 | D:7      | Noticed a wind drake (shapeshifter)
  7275 | D:7      | Noticed a sea snake
  7282 | D:7      | a sea snake changed into a death drake
  7282 | D:7      | Noticed a death drake (shapeshifter)
  7422 | D:7      | Noticed a hornet
  7425 | D:7      | Killed a hornet
  7426 | D:7      | Reached skill level 5 in Invocations
  7751 | D:7      | Noticed a faun
  7818 | D:7      | a swamp worm changed into a torpor snail
  7818 | D:7      | Noticed a torpor snail (shapeshifter)
  7871 | D:8      | Noticed Grum
  7927 | D:7      | Noticed a guardian serpent
  9134 | D:8      | Reached skill level 5 in Short Blades
  9134 | D:8      | Reached skill level 5 in Long Blades
  9134 | D:8      | Reached skill level 5 in Axes
  9134 | D:8      | Reached skill level 5 in Maces & Flails
  9134 | D:8      | Reached skill level 5 in Polearms
  9134 | D:8      | Reached skill level 5 in Staves
  9134 | D:8      | Reached skill level 5 in Armour
  9134 | D:8      | Reached skill level 5 in Stealth
  9134 | D:8      | Reached skill level 5 in Shields
  9134 | D:8      | Reached skill level 5 in Unarmed Combat
  9134 | D:8      | Reached skill level 5 in Evocations
  9150 | D:8      | Killed Grum
  9151 | D:8      | Reached skill level 10 in Ranged Weapons
  9151 | D:8      | Reached XP level 10. HP: 10/77 MP: 15/18
 10381 | D:8      | Noticed a manticore
 10798 | D:9      | Found a runed translucent door.
 10798 | D:9      | Noticed Babbit's ghost (novice MiFi)
 11013 | D:9      | Found a staircase to the Orcish Mines.
 11253 | Orc:1    | Entered Level 1 of the Orcish Mines
 11253 | Orc:1    | Noticed a juggernaut
 11253 | Orc:1    | Found a transporter.
 11253 | Orc:1    | Found a transporter.
 11253 | Orc:1    | Found a transporter.
 11253 | Orc:1    | Found a sparkling altar of Nemelex Xobeh.
 11318 | Orc:1    | Found a transporter.
 11319 | Orc:1    | Noticed a two-headed ogre
 11321 | Orc:1    | Found a transporter.
 11321 | Orc:1    | Found a transporter.
 11347 | D:9      | Paralysed by a hornet for 2 turns
 12196 | D:8      | Learned a level 3 spell: Gell's Gravitas
 12226 | D:8      | Killed by an exploding cerulean imp... ignited by their
                  | inner flame

Illustrated notes

Levels and vault maps discovered:
D:1:      shiori_arrival_maze, layout_loops_ring,
          shapermc_ecumenical_altar_starsandcircs, minmay_unequal
D:2:      layout_rooms, serial_shops, nicolae_shop_pleasant_corner_grove, shop,
          shop, shop, basic_altar, minmay_misc_feat_x, nicolae_grassy_gnolls
D:3:      layout_basic, nicolae_yredelemnul_corpse_copse
D:4:      layout_rooms, serial_shops, kennysheep_little_box, uniq_natasha
D:5:      layout_basic, enter_ossuary_5, ebering_ghost_disaster_area
D:6:      layout_basic, minmay_temple_entry_from_below_a,
          uniq_crazy_yiuf_cottage
D:7:      layout_cave_pods, nicolae_overflow_crystal_walls,
          gammafunk_ghost_arena, serial_column_ruins, column_ruins_pillar_7,
          column_ruins_pillar_2, column_ruins_pillar_1, column_ruins_pillar_1,
          column_ruins_pillar_1, column_ruins_pillar_10, column_ruins_pillar_3,
          column_ruins_pillar_7, column_ruins_pillar_2, column_ruins_pillar_3,
          column_ruins_pillar_6, column_ruins_pillar_2,
          kb_lookout_dungeons_type, st_stairs_5
D:8:      layout_basic, kennysheep_just_a_vault, uniq_grum
D:9:      layout_grid_maze, david_orc_2, gammafunk_ghost_grave, uniq_maggie
Orc:1:    layout_caves, basic_altar, hellmonk_jugg_or_not, uniq_harold

Skill      XL: |  1  2  3  4  5  6  7  8  9 10 |
---------------+-------------------------------+-----
Transmutations | 2 3 4 |  4.9
Invocations    | 1 2 3 4 5 |  5.8
Short Blades   | 1 2 3 5 |  5.3
Long Blades    | 1 2 3 5 |  5.3
Axes           | 1 2 3 5 |  5.3
Maces & Flails | 1 2 3 5 |  5.3
Polearms       | 1 2 3 5 |  5.3
Staves         | 1 2 3 5 |  5.3
Armour         | 1 2 3 5 |  5.3
Stealth        | 1 2 3 5 |  5.3
Shields        | 1 2 3 5 |  5.3
Unarmed Combat | 1 2 3 5 |  5.3
Evocations     | 1 2 3 5 |  5.3
Spellcasting   | 3 4 5 6 |  6.1
Conjurations   | 1 2 3 4 |  4.4
Hexes          | 1 2 3 4 |  4.4
Summonings     | 1 2 3 4 |  4.4
Necromancy     | 1 2 3 4 |  4.4
Translocations | 1 2 3 4 |  4.4
Fire Magic     | 1 2 3 4 |  4.4
Ice Magic      | 1 2 3 4 |  4.4
Air Magic      | 1 2 3 4 |  4.4
Earth Magic    | 1 2 3 4 |  4.4
Poison Magic   | 1 2 3 4 |  4.4
Throwing       | 3 4 5 6 |  6.0
Dodging        | 3 4 5 6 |  6.0
Fighting       | 5 6 7 |  7.1
Ranged Weapons | 9 10 | 10.1

Action                     |  1- 3 |  4- 6 |  7- 9 | 10-12 || total
---------------------------+-------+-------+-------+-------++-------
  Melee: Great sword       |       |       |       |    13 ||    13
         Bite              |       |       |       |     2 ||     2
   Fire: Sling             |    90 |    23 |       |       ||   113
         Arbalest          |       |   205 |   362 |    75 ||   642
   Cast: Beastly Appendage |       |       |     9 |     1 ||    10
         Call Imp          |       |       |    35 |    12 ||    47
         Airstrike         |       |       |     1 |     4 ||     5
         Swiftness         |       |       |       |     3 ||     3
         Gell's Gravitas   |       |       |       |     1 ||     1
Ability: Evoke Invisibilit |       |       |       |     1 ||     1
  Evoke: Wand              |       |       |     6 |     7 ||    13
    Use: Potion            |       |     5 |     8 |     4 ||    17
         Scroll            |       |     1 |       |    10 ||    11
 Armour: Robe              |     5 |    19 |    26 |     3 ||    53
         Ring mail         |     7 |       |       |       ||     7
         Skin              |       |       |    19 |       ||    19
  Dodge: Dodged            |    11 |    99 |   221 |    71 ||   402
